 Dungeon Crawl Stone Soup version 0.29.0-11-gd7f09526c8 (webtiles) character file.

Game seed: 2428953452273355621

462 sanka the Ducker (level 7, -13/46 HPs)
             Began as an Octopode Cinder Acolyte on Sept 6, 2022.
             Was a High Priest of Ignis.
             Mangled by an ogre
             ... wielding a +0 giant spiked club
              (28 damage)
             ... on level 4 of the Dungeon.
             The game lasted 00:05:03 (2749 turns).

sanka the Ducker (Octopode Cinder Acolyte)          Turns: 2749, Time: 00:05:04

Health: -13/46     AC:  5    Str: 13    XL:     7   Next: 7%
Magic:  10/10      EV: 14    Int: 17    God:    Ignis [*****.]
Gold:   304        SH:  0    Dex:  9    Spells: 8/10 levels left

rFire   + . .      SeeInvis .     - Unarmed
rCold   . . .      Faith    .   (no shield)
rNeg    . . .      Spirit   .   (helmet restricted)
rPois   .          Reflect  .   g - amulet of regeneration
rElec   .          Harm     .   j - +4 ring of protection
rCorr   .          Rampage  .   (no ring)
Will    .....                   (no ring)
Stlth   ++........              (no ring)
HPRegen 0.95/turn               (no ring)
MPRegen 0.12/turn               (no ring)
                                (no ring)
                                (no ring)

@: studying Ranged Weapons
A: almost no armour, amphibious, 8 rings, camouflage 1, gelatinous body 1,
(nimble swimmer 1), tentacles
a: Renounce Religion, Fiery Armour, Foxfire Swarm, Rising Flame


You were on level 4 of the Dungeon.
You worshipped Ignis.
Ignis was extremely pleased with you.
You visited 1 branch of the dungeon, and saw 4 of its levels.

You collected 304 gold pieces.


Innate Abilities, Weirdness & Mutations

You cannot wear most types of armour.
You are amphibious.
You can wear up to eight rings at the same time.
Your skin changes colour to match your surroundings (Stealth+).
Your rubbery body absorbs attacks. (AC +1, EV +1)
((You are camouflaged when in or above water. (Stealth+)))
You have tentacles for arms and can constrict up to eight enemies at once.


   Skills:
 - Level 3.0 Fighting
 + Level 5.3 Dodging
 - Level 3.0 Unarmed Combat
 - Level 2.0 Spellcasting
 - Level 5.0 Fire Magic


You had 8 spell levels left.
You knew the following spells:

 Your Spells              Type           Power      Damage    Failure   Level
y - Scorch                Fire           36%        2d7       3%          2

Your spell library contained the following spells:

 Spells                   Type           Power      Damage    Failure   Level
 Sting                    Tmut/Pois      4%         1d3       19%         1
 Poisonous Vapours        Pois/Air       2%         N/A       28%         2
 Olgreb's Toxic Radiance  Pois           1%         N/A       88%         4

Inventory:

Jewellery
 e - a ring of ice
 g - an amulet of regeneration (around mantle)
 j - a +4 ring of protection (left tentacle)
Wands
 n - a wand of paralysis (10)
Scrolls
 b - 6 scrolls of identify {unknown}
 h - a scroll of blinking {unknown}
 i - 3 scrolls of teleportation {unknown}
 p - a scroll of enchant weapon {unknown}
 q - a scroll of brand weapon {unknown}
 s - 2 scrolls of magic mapping {unknown}
 u - a scroll of noise {unknown}
 v - a scroll of poison {unknown}
Potions
 a - a potion of might {unknown}
 c - 2 potions of flight {unknown}
 d - 2 potions of degeneration {unknown}
 f - 3 potions of heal wounds {unknown}
 k - 2 potions of magic {unknown}
 l - 3 potions of brilliance {unknown}
 m - 2 potions of invisibility {unknown}
 o - 3 potions of mutation {unknown}
 r - a potion of cancellation {unknown}
 t - a potion of curing {unknown}

Dungeon Overview and Level Annotations

Branches:
Dungeon (4/15)             Temple (0/1) D:4

Altars:
Hepliaklqana
Qazlal

Shops:
D:1 *   D:2 [ D:4

* ▒▒▒▒▒▒▒ ▒▒▒▒
▒......
....▒▒▒▒▒▒▒▒▒▒
▒......
.../.........▒
▒......
.............▒
▒...... ............▒
▒...... ▒.........▒
▒.8.8.8
▒..†O.....▒▒▒▒▒.⌠.⌠.⌠
▒..gx................
▒.................>..
▒....................
▒▒▒▒▒▒▒▒▒▒▒...▒▒▒▒▒..
▒..........
▒..........
▒...)......
▒..........
▒..........


You could see an ogre and a hobgoblin.


Message History

The ogre misses you. The hobgoblin closely misses you.
You tentacle-slap the ogre.
The ogre is lightly wounded.
The hobgoblin hits you. The ogre closely misses you.
You tentacle-slap the ogre. You tentacle-slap the ogre.
The ogre is heavily wounded.
The hobgoblin misses you.
You completely miss the ogre.
The ogre is heavily wounded.
The ogre completely misses you. The hobgoblin closely misses you.
You tentacle-slap the ogre. Your squeeze misses the ogre.
The ogre is heavily wounded.
The hobgoblin closely misses you.
The ogre hits you with a +0 giant spiked club!!
Ouch! That really hurt!
* * * LOW HITPOINT WARNING * * *
You barely miss the ogre.
Your tentacle-slap misses the ogre.
The ogre is heavily wounded.
The hobgoblin closely misses you.
Unknown command.
The ogre attacks as you move away!
The ogre hits you with a +0 giant spiked club!!
Ouch! That really hurt!
You die...

Action                   |  1- 3 |  4- 6 |  7- 9 || total
-------------------------+-------+-------+-------++-------
Melee: Unarmed           |    81 |   127 |    24 ||   232
       Constrict         |    21 |    32 |     4 ||    57
       Tentacles         |    11 |    36 |     4 ||    51
       Punch             |     2 |     8 |     2 ||    12
 Stab: Sleeping          |    10 |    10 |     1 ||    21
       Distracted        |       |     1 |       ||     1
Armor: Skin              |     9 |    25 |     5 ||    39
Dodge: Dodged            |    50 |    88 |    21 ||   159

Levels and vault maps discovered:
D:1:      arrival_zaba_pyramid, layout_loops_ring, serial_shops, shop,
          corexii_item_surrounded_by_moat, hex_tiny
D:2:      layout_rooms, nicolae_ecumenical_pavilion, serial_shops, shop,
          wander_ebering_terrifying_dragon_lair, uniq_sigmund
D:3:      layout_loops_ring, jmf_multi_god_temple, cheibrodos_gnoll_hut
D:4:      layout_basic, minmay_temple_entry_drinking_statues,
          gammafunk_ghost_cemetery, nicolae_shop_sticking_my_neck_out,
          uniq_crazy_yiuf_cottage

Notes
Turn   | Place    | Note
-------+----------+-------------------------------------------
     0 | D:1      | sanka the Octopode Cinder Acolyte began the quest for the
                  | Orb.
     0 | D:1      | Reached XP level 1. HP: 16/16 MP: 2/2
   469 | D:1      | Reached XP level 2. HP: 21/21 MP: 4/4
   778 | D:1      | Reached XP level 3. HP: 22/26 MP: 5/5
   806 | D:1      | Found Ethavveo's Assorted Antiques.
   816 | D:1      | Reached skill level 2 in Spellcasting
   976 | D:2      | Found a faded altar of an unknown god.
  1161 | D:2      | Reached skill level 4 in Fire Magic
  1175 | D:2      | Learned a level 2 spell: Scorch
  1371 | D:2      | Reached XP level 4. HP: 31/31 MP: 7/7
  1375 | D:2      | Noticed Sigmund
  1432 | D:2      | Killed Sigmund
  1433 | D:2      | Reached skill level 5 in Fire Magic
  1433 | D:2      | Reached skill level 3 in Dodging
  1433 | D:2      | Reached XP level 5. HP: 36/36 MP: 8/8
  1433 | D:2      | Reached XP level 6. HP: 42/42 MP: 9/9
  1571 | D:2      | Found Binkat's Armour Shoppe.
  1813 | D:3      | Reached skill level 4 in Dodging
  1869 | D:3      | Found a stormy altar of Qazlal.
  1875 | D:3      | Found a hazy altar of Hepliaklqana.
  2509 | D:4      | Found a staircase to the Ecumenical Temple.
  2555 | D:4      | Reached skill level 5 in Dodging
  2564 | D:4      | Reached XP level 7. HP: 23/46 MP: 10/10
  2680 | D:4      | Found Zeufudyng's Neck Hole.
  2749 | D:4      | Mangled by an ogre

Vanquished Creatures
  Sigmund (D:2)
  2 hounds (D:3)
  9 gnolls
  6 adders
  6 worms
  3 orcs (D:4)
  3 bats
  9 endoplasms
  4 giant cockroaches
  7 goblins
  2 hobgoblins
  7 jackals
  2 quokkas
  8 ball pythons
  5 frilled lizards
  9 kobolds
  3 rats (D:1)
86 creatures vanquished.
